Map: Terminal Paladino EC

Players

Sadhiro - Winner!

  • Race: Zerg Zerg
  • League: Silver
  • Spawn Location: 5:00

Mephisto

  • Race: Zerg Zerg
  • League: Gold
  • Spawn Location: 9:00

VOD

Have the link to the VOD?

Description

test

Time

  • Played on: May 1, 2017, 3:20 p.m.
  • Length: 5:04
Show
View Real Time Build Order
Export as new Build Order

Sadhiro Zerg - Winner!

Build Orders: Hatch First 

Get SALT Encoding   

  12  0:08  Overlord  
  12  0:19  Drone x2  
  14  0:28  Drone  
  15  0:31  Drone  
  16  0:42  Drone  
  17  0:52  Drone  
  18  1:06  Hatchery, Drone  
  18  1:18  Spawning Pool  
  18  1:20  Extractor  
  18  1:23  Drone  
  17  1:32  Drone  
  18  1:36  Drone  
  19  1:48  Drone  
  20  2:10  Spine Crawler  
  19  2:26  Zergling x6  
  19  2:27  Zergling x2  
  19  2:28  Queen  
  23  2:52  Zergling x2  
  23  2:53  Zergling x6  
  27  3:00  Extractor  
  26  3:06  Baneling Nest  
  23  3:24  Drone x4  
  27  3:48  Spine Crawler  
  26  3:49  Spine Crawler  
  26  3:54  Drone x2  
  27  3:56  Overlord x2  
  27  4:12  Baneling  
  27  4:13  Baneling x2  
  24  4:27  Zergling x10  
Show
View Real Time Build Order
Export as new Build Order

Mephisto Zerg 

Build Orders: Pool First 

Get SALT Encoding   

  12  0:06  Drone  
  13  0:11  Drone  
  14  0:30  Spawning Pool  
  13  0:37  Overlord  
  13  0:42  Drone  
  14  1:10  Drone x3  
  17  1:34  Drone x2  
  19  1:56  Spine Crawler x2  
  19  1:57  Spine Crawler  
  19  1:58  Spine Crawler  
  19  1:59  Zergling x4  
  18  2:17  Zergling x4, Spine Crawler  
  19  2:27  Zergling x2, Spine Crawler  
  20  2:36  Queen  
  22  2:50  Hatchery  
  20  2:56  Zergling x4  
  10  3:32  Zergling x6  
  13  3:37  Spine Crawler  
  9  3:44  Zergling x2  
  8  3:59  Drone  
  9  4:07  Zergling x2  
  9  4:29  Drone x2  
Tags
 
Add a new tag
Caveats
  • Supply blocks, unpowered buildings, or Contaminate may cause inaccurate times.
  • Supply counts are checked every 10 seconds.